 Dungeon Crawl Stone Soup version bcrawl-1.12-10-g10a67aac0f (webtiles) character file.

Game seed: 5543229044082198720

82 BorisKarlOrff the Covert (level 4, -4/27 HPs)
             Began as a Dusk Walker Rogue on June 12, 2019.
             Killed from afar by Sigmund (8 damage)
             ... with a puff of flame
             ... on level 2 of the Dungeon.
             The game lasted 00:04:46 (872 turns).

BorisKarlOrff the Covert (Dusk Walker Rogue)         Turns: 872, Time: 00:04:47

Health: -4/27      AC:  4    Str: 12    XL:     4   Next: 21%
Magic:  5/5        EV: 11    Int: 11    God:
Gold:   144        SH:  0    Dex: 15    Spells: 3/3 levels left

rFire    . . .     SeeInvis .   a - +2 dagger
rCold    . . .     Gourm    .   (no shield)
rNeg     . . .     Faith    .   c - +0 robe
rPois    .         Spirit   .   (no helmet)
rElec    +         Reflect  .   d - +1 cloak
rCorr    .         Harm     .   (no gloves)
MR       .....     Clarity  +   (no boots)
Stlth    +++++.....             (no amulet)
HPRegen  0.09/turn              (no ring)
MPRegen  0.09/turn              (no ring)

@: no status effects
A: draining touch, unencumbered stealth, fangs 2, clarity, low mp 1,
nightstalker 1, electricity resistance
a: no special abilities


You were on level 2 of the Dungeon.
You were not hungry.

You visited 1 branch of the dungeon, and saw 2 of its levels.

You collected 144 gold pieces.

Inventory:

Hand Weapons
 a - a +2 dagger (weapon)
 b - a +0 blowgun
Missiles
 e - 237 poisoned needles
Armour
 c - a +0 robe (worn)
 d - a +1 cloak (worn)
Wands
 f - a wand of flame (15)
 g - a wand of enslavement (15)
Scrolls
 l - 3 scrolls of teleportation
 m - 3 scrolls of remove curse
 n - 3 scrolls of identify {unknown}
Potions
 i - a potion of berserk rage {unknown}
 j - a potion of curing {unknown}
 k - a potion of ambrosia {unknown}
 p - a potion of haste {unknown}
Comestibles
 h - 3 rations {!d}


   Skills:
 + Level 0.3 Fighting
 + Level 3.0 Short Blades
 + Level 1.7 Throwing
 + Level 0.5 Dodging
 + Level 8.4 Stealth
 + Level 2.1 Evocations


You had 3 spell levels left.
You didn't know any spells.
Your spell library was empty.

Dungeon Overview and Level Annotations

Branches:
Dungeon (2/12)

Altars:
The Shining One

Annotations:
D:2 Sigmund


Innate Abilities, Weirdness & Mutations

Your attacks drain your enemies.
You move stealthily even while encumbered by armour.
You have extremely sharp teeth.
You are slightly more attuned to the shadows.
You possess an exceptional clarity of mind.
Your magical capacity is low. (-10% MP)
You are resistant to electric shocks. (rElec)


Message History

A puff of flame appears from out of thin air!
The puff of flame hits you!
A leopard gecko comes into view.
Found a scroll labeled LUFOXK QEDIMASO.
Firing (i - inventory)
e - 238 poisoned needles (quivered)
Press: ? - help, Shift-Dir - straight line, f - leopard gecko
Aim: a leopard gecko (resting)
You shoot a poisoned needle.
The poisoned needle hits the leopard gecko.
The leopard gecko is poisoned.
The leopard gecko hisses angrily.
a - a +2 dagger (weapon)
A puff of flame appears from out of thin air!
The puff of flame hits you!
* * * LOW HITPOINT WARNING * * *
It was a potion of mutation.
You feel extremely strange.
You feel insulated.
You feel less energetic.
Your thoughts seem clearer.
A puff of flame appears from out of thin air!
The puff of flame hits you!
You die...

#.................
#.<...............
#.................
#.#######.###..)..
#.# #.....#... #.#
#####..... #.#
#'''#. #.# #...#.
#@# #...#. #.#
#...#. #.# #...#.
#l. #...#. #..
#...#. .... #.
...? ##


You could see a leopard gecko.

Vanquished Creatures
  Jessica (D:2)
  An ooze (D:2)
  4 dart slugs
  2 leopard geckos (D:2)
  2 bats
  2 giant cockroaches
  8 goblins
  6 hobgoblins
  3 jackals (D:1)
  A quokka (D:2)
  A ball python (D:1)
  5 kobolds
  4 rats
40 creatures vanquished.

Notes
Turn   | Place    | Note
-------+----------+-------------------------------------------
     0 | D:1      | BorisKarlOrff the Dusk Walker Rogue began the quest for the
                  | Orb.
     0 | D:1      | Reached XP level 1. HP: 11/11 MP: 2/2
    43 | D:1      | Reached XP level 2. HP: 17/17 MP: 3/3
   117 | D:1      | Reached skill level 7 in Stealth
   339 | D:1      | Reached XP level 3. HP: 19/21 MP: 4/4
   637 | D:2      | Found a glowing golden altar of the Shining One.
   645 | D:2      | Noticed Jessica
   658 | D:2      | Killed Jessica
   658 | D:2      | Reached skill level 8 in Stealth
   689 | D:2      | Gained mutation: You are slightly more attuned to the
                  | shadows. [Dusk Walker growth]
   689 | D:2      | Reached XP level 4. HP: 20/27 MP: 5/5
   834 | D:2      | Noticed Sigmund
   872 | D:2      | Gained mutation: You are resistant to electric shocks.
                  | (rElec) [potion of mutation]
   872 | D:2      | Gained mutation: Your magical capacity is low. (-10% MP)
                  | [potion of mutation]
   872 | D:2      | Gained mutation: You possess an exceptional clarity of
                  | mind. [potion of mutation]
   872 | D:2      | Killed from afar by Sigmund

Skill      XL: |  1  2  3 |
---------------+----------+-----
Stealth        | 7 8 |  8.4
Short Blades   | 3 |  3.0
Fighting       | |  0.3
Throwing       | |  1.7
Dodging        | |  0.5
Evocations     | |  2.1

Action                   |  1- 3 |  4- 6 || total
-------------------------+-------+-------++-------
Melee: Dagger            |    67 |    10 ||    77
       Bite              |     3 |       ||     3
 Fire: Blowgun           |     1 |    10 ||    11
  Use: Scroll            |     5 |       ||     5
       Potion            |       |     1 ||     1
 Stab: Sleeping          |     7 |     3 ||    10
Armor: Robe              |    11 |     3 ||    14
Dodge: Dodged            |    34 |     5 ||    39
